Workbook
Name Auswahl: Equipmentrental!#REF!

Sheet Equipmentrental
A1: Film Equipment Rental - Sebastian Lang
A2: Tel.: +43 660 4893373 | C2: Adresse: Seidengasse 38/1, 1070 Wien
A3: E-Mail: hi@sebastianlang.at | C3: Abholung und Rückgabe nach Absprache
A4: Hinweis zur Versicherung: Das gesamte Equipment (außgenommen Drohne) ist über die medien-finanzservice.de mit Allgefahrendeckung für den Verleih versichert. Im Schadensfall besteht eine Selbstbeteiligung von 500€ zzgl. MwSt. Genaue Versicherungsbedingungen finden Sie unter: www.langfilm.at/hierlinkeinfügen
A5: QUICK GUIDE Damit das Excel-Tool richtig funktioniert, muss die Datei heruntergeladen und in Microsoft Excel in der Desktop-Version geöffnet werden! Bitte alle blauen Felder vollständig ausfüllen und im Anschluss die gewünschten Artikel in der linken Spalte auswählen. Der Preis errechnet sich dann automatisch und du findest auf Blatt 2 eine Packliste sowie auf Blatt 3 die Vorschau deines Mietvertrags. Danach bitte das Excel-File speichern und an mich retournieren. Abholung und Rückgabe machen wir uns persönlich aus. Viel Spaß beim Durchstöbern! :)
A6: Name
A7: Adresse
A8: Projekttitel
A9: E-Mail
A10: Telefonnummer
A11: Anzahl Drehtage | B11: 1 | C11: Mietpreis pro DT | D11: =SUM(E20:E604) -> 0
A12: Abholung am | C12: Mietpreis Gesamt | D12: =D11*B11 -> 0
A13: Uhrzeit | C13: Rabatt
A14: Rückgabe am | C14: Summe Netto | D14: =D13+D12 -> 0
A15: Uhrzeit | C15: 20% MwSt | D15: =D14*0.2 -> 0
C16: Gesamtsumme Brutto | D16: =D14+D15 -> 0
A18: Auswahl | B18: Equipment | C18: Miete pro Tag | D18: Anmerkung | E18: Hilfsspalte
B19: Kameras
A20: FALSE | B20: Sony FX6 Camera Package | C20: 140 | D20: Optiken bitte getrennt auswählen | E20: =IF(A20=TRUE,C20,0) -> 0
B21: Sony FX6, Vollformat E-Mount, inkl. XLR Top-Handle & Side-Grip | E21: =IF(A21=TRUE,C21,0) -> 0
B22: Tilta Cage Advanced Kit (V-Mount) | D22: V-Mount Akkus bitte getrennt auswählen | E22: =IF(A22=TRUE,C22,0) -> 0
B23: CFexpress Typ A Karte 160GB (W: 700MB/s) [1] | D23: bitte formatiert zürückgeben | E23: =IF(A23=TRUE,C23,0) -> 0
B24: SDXC UHS-II Karte 256GB (W: 260MB/s) [1] | D24: bitte formatiert zürückgeben | E24: =IF(A24=TRUE,C24,0) -> 0
B25: BP-U35 Akku [1] | E25: =IF(A25=TRUE,C25,0) -> 0
E26: =IF(A26=TRUE,C26,0) -> 0
A27: FALSE | B27: Sony FX3 Camera Package | C27: 90 | D27: Optiken bitte getrennt auswählen | E27: =IF(A27=TRUE,C27,0) -> 0 | F27: EXTERN
B28: Sony FX3, Vollformat E-Mount | E28: =IF(A28=TRUE,C28,0) -> 0
B29: Smallig Cage, Top Handle | E29: =IF(A29=TRUE,C29,0) -> 0
B30: SDXC UHS-I Karte 128GB (W: 90MB/s) [1] | D30: bitte formatiert zürückgeben | E30: =IF(A30=TRUE,C30,0) -> 0
B31: NP-FZ 100 Akku [1] | E31: =IF(A31=TRUE,C31,0) -> 0
B32: NP-FZ 100 Akku [2] | E32: =IF(A32=TRUE,C32,0) -> 0
E33: =IF(A33=TRUE,C33,0) -> 0
A34: FALSE | B34: Sony a 7III Camera Package | C34: 50 | D34: Optiken bitte getrennt auswählen | E34: =IF(A34=TRUE,C34,0) -> 0
B35: Sony alpha 7III, Vollformat E-Mount | E35: =IF(A35=TRUE,C35,0) -> 0
B36: Smallrig Cage, Top Handle, Micro-HDMI auf Full-HDMI Adapter | E36: =IF(A36=TRUE,C36,0) -> 0
B37: SDXC UHS-I Karte 128GB (W: 90MB/s) [1] | D37: bitte formatiert zürückgeben | E37: =IF(A37=TRUE,C37,0) -> 0
B38: NP-FZ 100 Akku [1] | E38: =IF(A38=TRUE,C38,0) -> 0
B39: NP-FZ 100 Akku [2] | E39: =IF(A39=TRUE,C39,0) -> 0
E40: =IF(A40=TRUE,C40,0) -> 0
A41: FALSE | B41: Sony a 6000 Camera Package | C41: 30 | E41: =IF(A41=TRUE,C41,0) -> 0
B42: Sony alpha 6000, APS-C E-Mount | E42: =IF(A42=TRUE,C42,0) -> 0
B43: Sony Kit-Objektiv 16-50mm, f/3.5-5.6 | E43: =IF(A43=TRUE,C43,0) -> 0
B44: SDXC UHS-I Karte 64GB (W: 90MB/s) [1] | D44: bitte formatiert zürückgeben | E44: =IF(A44=TRUE,C44,0) -> 0
B45: NP-FW50 Akku [1] | E45: =IF(A45=TRUE,C45,0) -> 0
B46: NP-FW50 Akku [2] | E46: =IF(A46=TRUE,C46,0) -> 0
E47: =IF(A47=TRUE,C47,0) -> 0
A48: FALSE | B48: GoPro Hero 12 Camera Package | C48: 30 | E48: =IF(A48=TRUE,C48,0) -> 0
B49: GoPro Hero 12 Black | E49: =IF(A49=TRUE,C49,0) -> 0
B50: 3x Enduro Akku inkl. Ladecase | D50: 1x Original, 2x Nachbau | E50: =IF(A50=TRUE,C50,0) -> 0
B51: ND8, ND16, ND32 Filter | E51: =IF(A51=TRUE,C51,0) -> 0
B52: Micro-SDXC UHS-I Karte 128GB (W: 90MB/s) [1] | D52: bitte formatiert zürückgeben | E52: =IF(A52=TRUE,C52,0) -> 0
E53: =IF(A53=TRUE,C53,0) -> 0
B54: Optiken E-Mount | E54: =IF(A54=TRUE,C54,0) -> 0
A55: FALSE | B55: Sigma Art 24-70mm DG DN II, f/2.8 | C55: 35 | D55: inkl. Zahnkranz | E55: =IF(A55=TRUE,C55,0) -> 0
A56: FALSE | B56: Samyang 14mm AF, f/2.8 | C56: 20 | E56: =IF(A56=TRUE,C56,0) -> 0 | F56: EXTERN
A57: FALSE | B57: Sony Kit-Objektiv 16-50mm, f/3.5-5.6 | C57: 5 | D57: nur für APS-C | E57: =IF(A57=TRUE,C57,0) -> 0
A58: FALSE | B58: Retropia Disposable Camera Lens (Oreo-Lens) | C58: 3 | E58: =IF(A58=TRUE,C58,0) -> 0
A59: FALSE | B59: Meike Makroringe 10mm, 16mm | C59: 2 | E59: =IF(A59=TRUE,C59,0) -> 0
E60: =IF(A60=TRUE,C60,0) -> 0
B61: Optiken EF-Mount | E61: =IF(A61=TRUE,C61,0) -> 0
A62: FALSE | B62: Canon 75-300mm, f/4-5.6 | C62: 5 | E62: =IF(A62=TRUE,C62,0) -> 0
A63: FALSE | B63: Canon 28-90mm, f/4-5.6 | C63: 5 | E63: =IF(A63=TRUE,C63,0) -> 0
A64: FALSE | B64: Helios 44M-4, f/2 adaptiert auf EF-Mount | C64: 10 | E64: =IF(A64=TRUE,C64,0) -> 0
A65: FALSE | B65: Meike Makroringe 13mm, 21mm, 31mm | C65: 2 | E65: =IF(A65=TRUE,C65,0) -> 0
E66: =IF(A66=TRUE,C66,0) -> 0
B67: Optiken OM-Mount | E67: =IF(A67=TRUE,C67,0) -> 0
A68: FALSE | B68: Olympus Zuiko Vintage Set (24mm, 35mm, 50mm, 85mm, 100mm) | C68: 60 | D68: inkl. Zahnkranz | E68: =IF(A68=TRUE,C68,0) -> 0
A69: FALSE | B69: Olympus H.Zuiko 24mm f/2.8 (silver nose) | C69: 20 | D69: inkl. Zahnkranz | E69: =IF(A69=TRUE,C69,0) -> 0
A70: FALSE | B70: Olympus G.Zuiko 35mm f/2.8 (silver nose) | C70: 15 | D70: inkl. Zahnkranz | E70: =IF(A70=TRUE,C70,0) -> 0
A71: FALSE | B71: Olympus G.Zuiko 50mm f/1.4 (silver nose) | C71: 15 | D71: inkl. Zahnkranz | E71: =IF(A71=TRUE,C71,0) -> 0
A72: FALSE | B72: Olympus F.Zuiko 85mm f/2 (silver nose) | C72: 20 | D72: inkl. Zahnkranz | E72: =IF(A72=TRUE,C72,0) -> 0
A73: FALSE | B73: Olympus F.Zuiko 100mm f/2.8 (silver nose) | C73: 15 | D73: inkl. Zahnkranz | E73: =IF(A73=TRUE,C73,0) -> 0
E74: =IF(A74=TRUE,C74,0) -> 0
B75: Lens-Mount Adapter | E75: =IF(A75=TRUE,C75,0) -> 0
A76: FALSE | B76: Sigma MC11, EF-Mount auf E-Mount Adapter | C76: 10 | E76: =IF(A76=TRUE,C76,0) -> 0
A77: FALSE | B77: OM auf E Mount Adapter | C77: 2 | E77: =IF(A77=TRUE,C77,0) -> 0
A78: FALSE | B78: M42 auf EF-Mount Adapter | C78: 2 | E78: =IF(A78=TRUE,C78,0) -> 0
A79: FALSE | B79: OM auf EF-Mount Adapter | C79: 2 | E79: =IF(A79=TRUE,C79,0) -> 0
E80: =IF(A80=TRUE,C80,0) -> 0
B81: Rigging | E81: =IF(A81=TRUE,C81,0) -> 0
A82: FALSE | B82: Smallrig Baseplate mit Rodschiene 15mm | C82: 2 | E82: =IF(A82=TRUE,C82,0) -> 0
A83: FALSE | B83: Smallrig Doppel Rodschiene | C83: 1 | E83: =IF(A83=TRUE,C83,0) -> 0
A84: FALSE | B84: Uberit Quick Release Base-Plate [1] | C84: 1 | E84: =IF(A84=TRUE,C84,0) -> 0
A85: FALSE | B85: Uberit Quick Release Base-Plate [2] | C85: 1 | E85: =IF(A85=TRUE,C85,0) -> 0
A86: FALSE | B86: Smallrig Top-Handle mit 3/8" Locating-Schraube | C86: 1 | E86: =IF(A86=TRUE,C86,0) -> 0
A87: FALSE | B87: Smallrig Top-Handle mit 2x 1/4" Schrauben | C87: 1 | E87: =IF(A87=TRUE,C87,0) -> 0
A88: FALSE | B88: Nitze Side Handles mit Arri-Rosette (rechts und links) | C88: 3 | E88: =IF(A88=TRUE,C88,0) -> 0
A89: FALSE | B89: 2x Rods 15mm Durchmesser 10cm Länge | C89: 1 | E89: =IF(A89=TRUE,C89,0) -> 0
A90: FALSE | B90: Single-Rod 15mm Durchmesser 10cm Länge | C90: 0.5 | E90: =IF(A90=TRUE,C90,0) -> 0
A91: FALSE | B91: 2x Rods 15mm Durchmesser 20cm Länge | C91: 1 | E91: =IF(A91=TRUE,C91,0) -> 0
A92: FALSE | B92: 2x Rods 15mm Durchmesser 30cm Länge [1] | C92: 1 | E92: =IF(A92=TRUE,C92,0) -> 0
A93: FALSE | B93: 2x Rods 15mm Durchmesser 30cm Länge [2] | C93: 1 | E93: =IF(A93=TRUE,C93,0) -> 0
... A99: FALSE | B99: Smallrig Extension Bracket mit Rod für FX6 | C99: 1 | E99: =IF(A99=TRUE,C99,0) -> 0
A100: FALSE | B100: Smallrig V-Mount Plate | C100: 1 | D100: ohne eigene Anschlüsse | E100: =IF(A100=TRUE,C100,0) -> 0
A101: FALSE | B101: Smallrig Mini V-Lock | C101: 1 | D101: ohne eigene Anschlüsse | E101: =IF(A101=TRUE,C101,0) -> 0
A102: FALSE | B102: Smallrig Magic Arm 25cm mit 1x Clamp [1] | C102: 1 | E102: =IF(A102=TRUE,C102,0) -> 0
A103: FALSE | B103: Smallrig Magic Arm 25cm mit 1x Clamp [2] | C103: 1 | E103: =IF(A103=TRUE,C103,0) -> 0
A104: FALSE | B104: Smallrig Magic Arm 9cm | C104: 1 | E104: =IF(A104=TRUE,C104,0) -> 0
A105: FALSE | B105: Smallrig Mini Magic Arm 5cm | C105: 0.5 | E105: =IF(A105=TRUE,C105,0) -> 0
A106: FALSE | B106: Tilta Magic Arm Kugelkopf 10cm | C106: 1 | E106: =IF(A106=TRUE,C106,0) -> 0
...

Sheet Packliste
A1: Film Equipment Rental - Sebastian Lang
A2: Tel.: +43 660 4893373 | C2: Adresse: Seidengasse 38/1, 1070 Wien
A3: E-Mail: hi@sebastianlang.at | C3: Abholung und Rückgabe nach Absprache
A4: {=Equipmentrental!A6:B15} -> Name | B4: 0
A5: Adresse | B5: 0
A6: Projekttitel | B6: 0
A7: E-Mail | B7: 0
A8: Telefonnummer | B8: 0 | C8: {=Equipmentrental!C11:D16} -> Mietpreis pro DT | D8: 0
A9: Anzahl Drehtage | B9: 1 | C9: Mietpreis Gesamt | D9: 0
A10: Abholung am | B10: 0 | C10: Rabatt | D10: 0
A11: Uhrzeit | B11: 0 | C11: Summe Netto | D11: 0
A12: Rückgabe am | B12: 0 | C12: 20% MwSt | D12: 0
A13: Uhrzeit | B13: 0 | C13: Gesamtsumme Brutto | D13: 0
A15: Equipment | B15: Miete pro Tag | C15: Eingepackt | D15: Zurückgebracht
A16: {=_xlfn._xlws.FILTER(Equipmentrental!B20:C396, Equipmentrental!A20:A396=TRUE)} -> #VALUE!

Sheet Mietvertrag
A1: Mietvertrag für Video-Equipment
A3: 1. Vertragsparteien
A4: Vermieter: | B4: Sebastian Lang
A5: Adresse: | B5: Seidengasse 38/1, 1070 Wien
A6: E-Mail: | B6: office@langfilm.at
A7: Telefon: | B7: +43 660 4893373
A9: Mieter: | B9: =Equipmentrental!B6 -> 0
A10: Adresse: | B10: =Equipmentrental!B7 -> 0
A11: E-Mail: | B11: =Equipmentrental!B9 -> 0
A12: Telefon: | B12: =Equipmentrental!B10 -> 0
A14: 2. Mietgegenstand
A15: Der Vermieter vermietet dem Mieter das Videoequipment in der Anlage (Packliste).
A17: 3. Mietdauer
A18: Abholung: | B18: =Equipmentrental!B12 -> 0
A19: Rückgabe: | B19: =Equipmentrental!B14 -> 0
A20: Anzahl Drehtage: | B20: =Equipmentrental!B11 -> 1
A22: 4. Mietpreis
A23: Der Gesamtmietpreis beträgt: | B23: =Equipmentrental!D16 -> 0
A24: Die Zahlung erfolgt per Banküberweisung an | B24: Sebastian Lang
B25: IBAN: AT 54 2011 1845 2386 5400
B26: BIC: GIBAATWWXXX
A28: 5. Haftung und Versicherung
A29: Der Mieter ist verpflichtet, das Equipment pfleglich zu behandeln und es in demselben Zustand zurückzugeben, in dem es übernommen wurde. Das gesamte Equipment (außgenommen Drohne) ist über die medien-finanzservice.de mit Allgefahrendeckung für den Verleih versichert. Im Schadensfal besteht eine Selbstbeteiligung von 500€ zzgl. MwSt. Genaue Versicherungsbedingungen finden Sie unter: www.langfilm.at/hierlinkeinfügen. Schäden sind unverzüglich telefonisch an Sebastian Lang zu melden!
A31: 6. Nutzung und Rückgabe
A32: Das Equipment darf nur für den vereinbarten Zweck genutzt werden. Der Mieter darf es nicht an Dritte weitervermieten oder verleihen. Die Rückgabe hat spätestens am vereinbarten Enddatum in einwandfreiem Zustand zu erfolgen.
A34: 7. Schlussbestimmungen
A35: Mit seiner Unterschrift bestätigt der Mieter, dass er das Equipment in einwandfreiem Zustand erhalten hat. Sollten einzelne Bestimmungen dieses Vertrags unwirksam sein, bleibt der Vertrag im Übrigen gültig. Er erkennt die Vertragsbedingungen an und verpflichtet sich zur Einhaltung.
A37: Ort, Datum:
A38: Unterschriften:
A40: Vermieter: Sebastian Lang | B40: Mieter:
